 Dungeon Crawl Stone Soup version 0.22-a0-469-gf26638a (webtiles) character file.

155 4thArraOfDagon the Slasher (level 5, 5/47 HPs)
             Began as a Minotaur Monk on June 13, 2018.
             Quit the game on level 6 of the Dungeon.
             The game lasted 00:02:14 (394 turns).

4thArraOfDagon the Slasher (Minotaur Monk)           Turns: 394, Time: 00:02:14

Health: 5/47       AC:  6    Str: 16    XL:     5   Next: 14%
Magic:  4/4        EV: 11    Int:  8    God:
Gold:   62         SH:  0    Dex: 12    Spells: 4/4 levels left

rFire    . . .     SeeInvis .   a - +0 falchion
rCold    . . .     Gourm    .   (no shield)
rNeg     . . .     Faith    .   d - +0 scale mail
rPois    .         Spirit   .   (helmet restricted)
rElec    .         Reflect  .   (no cloak)
rCorr    .         Harm     .   (no gloves)
MR       .....                  (no boots)
Stlth    +.........             (no amulet)
HPRegen  0.15/turn              f - ring of stealth
MPRegen  0.09/turn              (no ring)

@: no status effects
A: retaliatory headbutt, horns 2
a: no special abilities


You were on level 6 of the Dungeon.
You were not hungry.

You visited 1 branch of the dungeon, and saw 6 of its levels.

You collected 62 gold pieces.

Inventory:

Hand Weapons
 a - a +0 falchion (weapon)
Armour
 b - a +0 robe
 d - a +0 scale mail (worn)
Jewellery
 f - a ring of stealth (left hand)
Comestibles
 c - 2 rations


   Skills:
 + Level 4.7 Fighting
 * Level 5.6 Long Blades
 + Level 4.2 Dodging
 - Level 1.5 Stealth


You had 4 spell levels left.
You didn't know any spells.
Your spell library was empty.

Dungeon Overview and Level Annotations

Branches:
Dungeon (6/15)
 Temple: D:4-7

Altars:

Shops:
D:4 !


Innate Abilities, Weirdness & Mutations

You reflexively headbutt those who attack you in melee.
You have a pair of horns on your head.


Message History

Found an escape hatch in the floor.
You now have 62 gold pieces (gained 12).
Found 24 bolts.
There is an escape hatch in the floor here.
Found a ration and 18 stones.
c - 2 rations (gained 1)
There is an escape hatch in the floor here.
You slide downwards.
The hatch slams shut behind you.
Unknown command.
You open the door. 2 orc priests come into view.
The orc priest shouts!
You hear a shout!
The orc priest shouts!
The orc priest invokes the aid of Beogh against you.
Beogh smites you!
* * * LOW HITPOINT WARNING * * *
An orc comes into view. It is wielding a club.
The orc priest hits you but does no damage.
Unknown command.
An orc comes into view. It is wielding a dagger.
Are you sure you want to abandon this character and quit the game? (Confirm with "yes".)

#.......#
#.......#
#.......#
#.......#
#####.......#
#...........#
#....########
#....# #+##...@#
........#
#........oo....#
#........#.....#
#........#.oo..#
########## ....#
....# ...# ####


You could see an orc priest and an orc (wandering).

Vanquished Creatures
  An orc priest (D:5)
  A centaur skeleton (D:5)
  2 orc wizards (D:5)
  A worker ant (D:6)
  An adder (D:2)
  A worm (D:3)
  2 orcs
  2 bats
  3 giant cockroaches
  2 hobgoblins
  8 jackals
  A ball python zombie (D:3)
  A frilled lizard (D:2)
  A rat (D:2)
27 creatures vanquished.

Notes
Turn   | Place    | Note
-------+----------+-------------------------------------------
     0 | D:1      | 4thArraOfDagon the Minotaur Monk began the quest for the Orb.
     0 | D:1      | Reached XP level 1. HP: 19/19 MP: 0/0
    17 | D:1      | You fall through a shaft!
    49 | D:2      | Reached skill level 4 in Long Blades
    49 | D:2      | Reached XP level 2. HP: 25/27 MP: 1/1
   111 | D:3      | Reached XP level 3. HP: 18/33 MP: 2/2
   238 | D:4      | Found Onkucour's Distillery.
   245 | D:5      | Entered Level 5 of the Dungeon
   283 | D:6      | Reached skill level 5 in Long Blades
   283 | D:6      | Reached XP level 4. HP: 36/41 MP: 3/3
   285 | D:6      | Noticed an ogre
   332 | D:5      | rip
   341 | D:5      | Reached XP level 5. HP: 15/47 MP: 4/4
   394 | D:6      | Quit the game

Vault maps used:
D:1:      dpeg_arrival_windows_large_door, minmay_misc_feat_square, st_stairs_13
D:3:      serial_undead, serial_undead_c, serial_undead_e, serial_undead_d,
          serial_undead_e
D:4:      gammafunk_temple_overflow_elements, serial_shops, shop
D:5:      first_ration, serial_shops, shop
D:6:      tgw_trog

Skill      XL: |  1  2  3 |
---------------+----------+-----
Long Blades    | 4 5 |  5.6
Fighting       | 4 |  4.7
Dodging        | 4 |  4.2
Stealth        | |  1.5

Action                   |  1- 3 |  4- 6 || total
-------------------------+-------+-------++-------
Melee: Falchion          |    47 |    18 ||    65
       Headbutt          |     7 |       ||     7
  Use: Potion            |     1 |       ||     1
       Scroll            |       |     3 ||     3
 Stab: Sleeping          |     2 |       ||     2
Armor: Scale mail        |    21 |     3 ||    24
Dodge: Dodged            |    25 |     3 ||    28
       Rpst.: Falchion   |     8 |     1 ||     9

Table legend:
 A = Spawn XP
 B = Non-spawn XP
 C = Spawn XP percentage of total XP
 D = Spawn monster count
 E = Non-spawn monster count
 F = Spawn count percentage of total count
 G = Total turns spent on level
                    A         B        C        D         E        F      G
               +---------+---------+-------+---------+---------+-------+---------
         Total |       0 |     222 |   0.0 |       0 |      27 |   0.0 |   394
               +---------+---------+-------+---------+---------+-------+---------
           D:1 |       0 |       2 |   0.0 |       0 |       1 |   0.0 |    17
           D:2 |       0 |      25 |   0.0 |       0 |       8 |   0.0 |    75
           D:3 |       0 |      27 |   0.0 |       0 |      12 |   0.0 |   120
           D:5 |       0 |     134 |   0.0 |       0 |       5 |   0.0 |   131
           D:6 |       0 |      34 |   0.0 |       0 |       1 |   0.0 |    18
               +---------+---------+-------+---------+---------+-------+---------
